 Dungeon Crawl Stone Soup version 0.22-a0-558-gc2241811a9 (webtiles) character file.

468 Kholdaimon the Vexing (level 7, -2/52 HPs)
             Began as a Gnoll Arcane Marksman on June 26, 2018.
             Succumbed to kobold's curare-tipped needle
             ... on level 4 of the Dungeon.
             The game lasted 00:20:36 (3041 turns).

Kholdaimon the Vexing (Gnoll Arcane Marksman)       Turns: 3041, Time: 00:20:37

Health: -2/52      AC:  7    Str: 14    XL:     7   Next: 8%
Magic:  6/12       EV: 13    Int: 16    God:
Gold:   194        SH:  4    Dex: 15    Spells: 9/13 levels left

rFire    x . .     SeeInvis .   A - +0 long sword
rCold    + . .     Gourm    .   r - +0 buckler
rNeg     . . .     Faith    .   l - +0 ring mail
rPois    .         Spirit   +   (no helmet)
rElec    .         Reflect  .   (no cloak)
rCorr    .         Harm     .   (no gloves)
MR       .....                  h - +1 pair of boots
Stlth    +.........             y - amulet of guardian spirit
HPRegen  0.17/turn              c - ring of ice
MPRegen  0.13/turn              (no ring)

@: lethally poisoned (-2 -> -22), slowed, drained, very slow
A: distributed training, fangs 1, strong nose
a: no special abilities


You were on level 4 of the Dungeon.
You were hungry.

You visited 1 branch of the dungeon, and saw 4 of its levels.

You collected 194 gold pieces.

Inventory:

Hand Weapons
 a - a +0 hand crossbow
 w - a +1 dagger of holy wrath
 A - a +0 long sword (weapon)
 C - a +0 war axe
Missiles
 d - 34 bolts
 e - 10 poisoned needles
 g - 49 sling bullets
 k - 45 stones (quivered)
 q - 89 arrows
Armour
 h - a +1 pair of boots (worn)
 l - a +0 ring mail (worn)
 r - a +0 buckler (worn)
Jewellery
 c - a ring of ice (left hand)
 y - an amulet of guardian spirit (around neck)
Scrolls
 b - a scroll of blinking {unknown}
 j - 4 scrolls of remove curse
 p - 2 scrolls of enchant armour
 v - a scroll of immolation
Potions
 n - a potion of brilliance
 s - a potion of berserk rage {unknown}
 t - a potion of agility {unknown}
 u - a potion of lignification {unknown}
 x - a potion of degeneration {unknown}
 z - 2 potions of might {unknown}
 B - a potion of haste {unknown}
 D - a potion of heal wounds {unknown}
Comestibles
 f - 7 rations


   Skills:
 + Level 3.4(3.2) Fighting
 + Level 2.2(2.0) Short Blades
 + Level 2.2(2.0) Long Blades
 + Level 2.2(2.0) Axes
 + Level 2.2(2.0) Maces & Flails
 + Level 2.2(2.0) Polearms
 + Level 2.2(2.0) Staves
 + Level 2.2(2.0) Slings
 + Level 2.2(2.0) Bows
 + Level 5.1(4.8) Crossbows
 + Level 2.2(2.0) Throwing
 + Level 2.2(2.0) Armour
 + Level 5.1(4.8) Dodging
 + Level 2.2(2.0) Stealth
 + Level 2.2(2.0) Shields
 + Level 2.2(2.0) Unarmed Combat
 + Level 3.6(3.3) Spellcasting
 + Level 1.8(1.5) Conjurations
 + Level 5.7(5.5) Hexes
 + Level 1.8(1.5) Charms
 + Level 1.8(1.5) Summonings
 + Level 1.8(1.5) Necromancy
 + Level 1.8(1.5) Translocations
 + Level 1.8(1.5) Transmutations
 + Level 1.8(1.5) Fire Magic
 + Level 1.8(1.5) Ice Magic
 + Level 1.8(1.5) Air Magic
 + Level 1.8(1.5) Earth Magic
 + Level 1.8(1.5) Poison Magic
 + Level 2.4(2.2) Invocations
 + Level 2.2(2.0) Evocations


You had 9 spell levels left.
You knew the following spells:

 Your Spells              Type           Power        Failure   Level  Hunger
a - Corona                Hex            ###....      4%          1    None
b - Portal Projectile     Hex/Tloc       ##....       32%         3    ###....

Your spell library contained the following spells:

 Spells                   Type           Power        Failure   Level  Hunger
 Cause Fear               Hex            ###.......   43%         4    ####...
 Slow                     Hex            ###.....     8%          2    ##.....
 Leda's Liquefaction      Hex/Erth       ##........   73%         4    ####...
 Inner Flame              Hex/Fire       ##......     32%         3    ###....


Dungeon Overview and Level Annotations

Branches:
Dungeon (4/15)
 Temple: D:4-7

Altars:
Dithmenos
Trog
Yredelemnul


Innate Abilities, Weirdness & Mutations

Your experience applies equally to all skills.
You have very sharp teeth.
Your uncanny sense of smell can sniff out nearby items.


Message History

The kobold unwields an uncursed blowgun.
The kobold wields an uncursed whip.
The kobold hits you but does no damage.
You feel sick.
The kobold unwields an uncursed whip.
The kobold wields an uncursed blowgun.
The kobold shoots a curare-tipped needle.
The curare-tipped needle closely misses you.
The kobold throws a stone.
The stone hits you but does no damage.
The kobold throws a stone.
The stone closely misses you.
The kobold shoots a curare-tipped needle.
The curare-tipped needle closely misses you.
The kobold shoots a curare-tipped needle.
The curare-tipped needle hits you.
You are lethally poisoned!
You have difficulty breathing.
* * * LOW HITPOINT WARNING * * *
You feel yourself slow down.
The kobold throws a stone.
The stone closely misses you.
Things that are here:
a curare-tipped needle; 2 stones You die...

#.....# #.#
#.....# #.######
#.....# #......#
###.....########.#
#.KK###.#...
#.#####
#.#.......##
#.#....
#.#(###....#.
#.#.###
##♣K#.##.......
#.#.##.
#.♣.#((@.....#
##.#.##.
#.K♣####...###
#....... ♣.KP.#
...# #.....##
♣P♣P.P## #.##
#....... .PP♣♣K).#
.. ##.....##
#......K♣PPP####
##P.......
#♣♣♣........#
♣........#
♣PP.......♣#
..........
♣♣P......PP
...#.......


There were no monsters in sight!

Vanquished Creatures
  Sigmund (D:2)
  A big kobold (D:4)
  A scorpion (D:2)
  A worker ant (D:4)
  7 adders
  An ooze (D:3)
  2 worms (D:2)
  A dart slug (D:2)
  4 leopard geckos
  9 bats
  4 giant cockroaches
  9 goblins
  9 hobgoblins
  2 jackals (D:2)
  A quokka (D:2)
  A ball python (D:1)
  5 frilled lizards
  30 kobolds
  13 rats
102 creatures vanquished.

Vanquished Creatures (others)
  3 plants (D:4)
3 creatures vanquished.

Grand Total: 105 creatures vanquished

Notes
Turn   | Place    | Note
-------+----------+-------------------------------------------
     0 | D:1      | Kholdaimon the Gnoll Arcane Marksman began the quest for the Orb.
     0 | D:1      | Reached XP level 1. HP: 17/17 MP: 4/4
   139 | D:1      | Reached XP level 2. HP: 23/23 MP: 5/5
   476 | D:1      | Reached XP level 3. HP: 28/28 MP: 7/7
   948 | D:2      | Reached skill level 1 in Invocations
  1117 | D:2      | Found a shadowy altar of Dithmenos.
  1137 | D:2      | Found a bloodstained altar of Trog.
  1142 | D:2      | Found a basalt altar of Yredelemnul.
  1252 | D:2      | Reached skill level 1 in Short Blades
  1252 | D:2      | Reached skill level 1 in Long Blades
  1252 | D:2      | Reached skill level 1 in Axes
  1252 | D:2      | Reached skill level 1 in Maces & Flails
  1252 | D:2      | Reached skill level 1 in Polearms
  1252 | D:2      | Reached skill level 1 in Staves
  1252 | D:2      | Reached skill level 1 in Slings
  1252 | D:2      | Reached skill level 1 in Bows
  1252 | D:2      | Reached skill level 1 in Throwing
  1252 | D:2      | Reached skill level 1 in Armour
  1252 | D:2      | Reached skill level 1 in Stealth
  1252 | D:2      | Reached skill level 1 in Shields
  1252 | D:2      | Reached skill level 1 in Unarmed Combat
  1252 | D:2      | Reached skill level 1 in Evocations
  1292 | D:2      | Reached XP level 4. HP: 34/34 MP: 8/8
  1328 | D:2      | Found a faded altar of an unknown god.
  1346 | D:2      | Noticed Sigmund
  1562 | D:2      | Reached skill level 1 in Conjurations
  1562 | D:2      | Reached skill level 1 in Charms
  1562 | D:2      | Reached skill level 1 in Summonings
  1562 | D:2      | Reached skill level 1 in Necromancy
  1562 | D:2      | Reached skill level 1 in Translocations
  1562 | D:2      | Reached skill level 1 in Transmutations
  1562 | D:2      | Reached skill level 1 in Fire Magic
  1562 | D:2      | Reached skill level 1 in Ice Magic
  1562 | D:2      | Reached skill level 1 in Air Magic
  1562 | D:2      | Reached skill level 1 in Earth Magic
  1562 | D:2      | Reached skill level 1 in Poison Magic
  1562 | D:2      | Reached XP level 5. HP: 39/40 MP: 9/9
  1630 | D:2      | Killed Sigmund
  1630 | D:2      | Reached XP level 6. HP: 30/47 MP: 9/11
  2127 | D:3      | Reached skill level 5 in Crossbows
  2127 | D:3      | Reached skill level 5 in Dodging
  2868 | D:4      | Learned a level 3 spell: Portal Projectile
  2992 | D:4      | Reached XP level 7. HP: 31/52 MP: 9/12
  3040 | D:4      | HP: 1/52 [asphyx]
  3041 | D:4      | Succumbed to kobold's curare-tipped needle

Vault maps used:
D:1:      shiori_arrival_elements, serial_glass, glass_columns_b,
          glass_columns_b
D:2:      grunt_temple_overflow_open, chequers_ecumenical_altar_simple_redux,
          first_ration, uniq_sigmund
D:4:      kennysheep_kobold_camp

Skill      XL: |  1  2  3  4  5  6 |
---------------+-------------------+-----
Invocations    | 1 2 |  2.4
Short Blades   | 1 2 |  2.2
Long Blades    | 1 2 |  2.2
Axes           | 1 2 |  2.2
Maces & Flails | 1 2 |  2.2
Polearms       | 1 2 |  2.2
Staves         | 1 2 |  2.2
Slings         | 1 2 |  2.2
Bows           | 1 2 |  2.2
Throwing       | 1 2 |  2.2
Armour         | 1 2 |  2.2
Stealth        | 1 2 |  2.2
Shields        | 1 2 |  2.2
Unarmed Combat | 1 2 |  2.2
Evocations     | 1 2 |  2.2
Spellcasting   | 3 |  3.6
Conjurations   | 1 |  1.8
Charms         | 1 |  1.8
Summonings     | 1 |  1.8
Necromancy     | 1 |  1.8
Translocations | 1 |  1.8
Transmutations | 1 |  1.8
Fire Magic     | 1 |  1.8
Ice Magic      | 1 |  1.8
Air Magic      | 1 |  1.8
Earth Magic    | 1 |  1.8
Poison Magic   | 1 |  1.8
Fighting       | 3 |  3.4
Crossbows      | 5 |  5.1
Dodging        | 5 |  5.1
Hexes          | |  5.7

Action                   |  1- 3 |  4- 6 |  7- 9 || total
-------------------------+-------+-------+-------++-------
Melee: Long sword        |       |    24 |    35 ||    59
       Bite              |       |     9 |     3 ||    12
 Fire: Hand crossbow     |    79 |   120 |       ||   199
  Use: Scroll            |     4 |     6 |       ||    10
  Eat: Chunk             |     1 |     5 |       ||     6
Armor: Robe              |     4 |       |       ||     4
       Ring mail         |     2 |    22 |     8 ||    32
Dodge: Dodged            |     9 |    47 |    32 ||    88
Block: Buckler           |       |    12 |     7 ||    19
       Rpst.: Long sword |       |     5 |     9 ||    14

Table legend:
 A = Spawn XP
 B = Non-spawn XP
 C = Spawn XP percentage of total XP
 D = Spawn monster count
 E = Non-spawn monster count
 F = Spawn count percentage of total count
 G = Total turns spent on level
                    A         B        C        D         E        F      G
               +---------+---------+-------+---------+---------+-------+---------
         Total |       0 |     669 |   0.0 |       0 |     102 |   0.0 |  3041
               +---------+---------+-------+---------+---------+-------+---------
           D:1 |       0 |      48 |   0.0 |       0 |      33 |   0.0 |  1089
           D:2 |       0 |     373 |   0.0 |       0 |      27 |   0.0 |   992
           D:3 |       0 |      90 |   0.0 |       0 |      22 |   0.0 |   751
           D:4 |       0 |     158 |   0.0 |       0 |      20 |   0.0 |   209
               +---------+---------+-------+---------+---------+-------+---------
